 Dungeon Crawl Stone Soup version 0.31.0-1-g2c135a0 (webtiles) character file.

Game seed: 12562630197032287213

105 jagoly the Digger (level 4, -1/32 HPs)
             Began as a Human Earth Elementalist on Jan 31, 2024.
             Slain by an iguana (11 damage)
             ... on level 4 of the Dungeon.
             The game lasted 00:07:12 (889 turns).

jagoly the Digger (Human Earth Elementalist)         Turns: 889, Time: 00:07:13

Health: -1/32      AC:  3    Str:  9    XL:     4   Next: 81%
Magic:  0/7        EV: 12    Int: 17    God:
Gold:   93         SH:  0    Dex: 13    Spells: 6/7 levels left

rFire   . . .        f - +1 whip (flame)
rCold   . . .        (no shield)
rNeg    . . .        a - +0 robe
rPois   .            (no helmet)
rElec   .            o - +0 cloak
rCorr   .            (no gloves)
SInv    .            (no boots)
Will    .....        (no amulet)
Stlth   ++           (no ring)
HPRegen 0.25/turn    (no ring)
MPRegen 0.10/turn

%: no passive effects
@: no status effects
A: explore regen
a: no special abilities


You were on level 4 of the Dungeon.
You visited 1 branch of the dungeon, and saw 4 of its levels.

You collected 93 gold pieces.

Inventory:

Hand Weapons
 d - a +0 dagger
 f - a +1 whip of flaming (weapon)
Missiles
 c - 19 stones
Armour
 a - a +0 robe (worn)
 o - a +0 cloak (worn)
 p - a +0 scale mail
Scrolls
 h - a scroll of identify {unknown}
 i - a scroll of noise {unknown}
 j - 2 scrolls of immolation {unknown}
 k - a scroll of teleportation {unknown}
 n - a scroll of blinking {unknown}
Potions
 b - a potion of magic
 e - a potion of curing
 g - a potion of mutation {unknown}
 l - 2 potions of lignification {unknown}
 m - 2 potions of degeneration {unknown}
 q - 2 potions of heal wounds {unknown}
 r - a potion of berserk rage {unknown}


   Skills:
 + Level 1.5 Fighting
 + Level 2.6 Dodging
 + Level 2.7 Stealth
 - Level 2.0 Spellcasting
 + Level 1.9 Conjurations
 * Level 3.9 Earth Magic


You had 6 spell levels left.
You knew the following spells:

 Your Spells              Type           Power      Damage    Failure   Level
a - Sandblast             Erth           30%        2d9       3%          1

Your spell library contained the following spells:

 Spells                   Type           Power      Damage    Failure   Level
 Passwall                 Erth           15%        N/A       12%         3
 Stone Arrow              Conj/Erth      22%        3d8       17%         3
 Hailstorm                Conj/Ice       4%         3d5       36%         3
 Summon Ice Beast         Ice/Summ       1%         N/A       50%         3
 Brom's Barrelling Bould  Conj/Erth      11%        2d3       50%         4
 Petrify                  Alch/Erth      8%         N/A       65%         4
 Sculpt Simulacrum        Ice/Alch       0%         N/A       100%        6


Dungeon Overview and Level Annotations

Branches:
Dungeon (4/15) Zot: 23081
 Temple: D:4-7

Altars:

Shops:
D:2 (   D:3 ?


Innate Abilities, Weirdness & Mutations

You regain HP and MP as you explore.


Message History

You see here an inky potion.
g - an inky potion The giant cockroach misses you.
You hit the giant cockroach but do no damage.
The giant cockroach bites you.
You closely miss the giant cockroach. The giant cockroach barely misses you.
You closely miss the giant cockroach.
The giant cockroach bites you but does no damage. x2
Cast which spell? (? or * to list)
Aiming: Sandblast (safe; 4% risk of failure)
Press: ? - help, Shift-Dir - straight line, f - giant cockroach
Aim: a giant cockroach (82% to hit)
The blast of sand hits the giant cockroach.
You kill the giant cockroach!
The hobgoblin closely misses you. The hobgoblin hits you.
Cast which spell? (? or * to list)
Aiming: Sandblast (safe; 4% risk of failure)
Press: ? - help, Shift-Dir - straight line, f - hobgoblin
Aim: a hobgoblin (82% to hit)
The blast of sand hits the hobgoblin!
You kill the hobgoblin!
Found 6 gold pieces.
Found 8 gold pieces.
h - a scroll labelled JUNYUMU YFREI
There is a stone staircase leading up here.
You climb upwards.
HP restored.
There is a stone staircase leading down here.
You climb downwards.
There is a stone staircase leading up here.
You now have 24 gold pieces (gained 6).
You now have 32 gold pieces (gained 8).
You see here a +0 short sword.
Found 10 gold pieces.
i - a scroll labelled ZIATA IXEGUFY You now have 42 gold pieces (gained 10).
Found a short sword.
A bat comes into view.
A kobold comes into view. It is wielding a +0 mace.
The kobold shouts!
A ball python comes into view.
The ball python hisses angrily.
You see here a +0 short sword.
Cast which spell? (? or * to list)
Aiming: Sandblast (safe; 4% risk of failure)
Press: ? - help, Shift-Dir - straight line, f - bat
Aim: a bat (wandering, hasn't noticed you, 73% to hit)
The blast of sand hits the bat!
You kill the bat!
Cast which spell? (? or * to list)
You can't see any susceptible monsters within range! (Use Z to cast anyway.) Unknown command.
Cast which spell? (? or * to list)
Aiming: Sandblast (safe; 4% risk of failure)
Press: ? - help, Shift-Dir - straight line, f - ball python
Aim: a ball python (80% to hit)
The blast of sand hits the ball python!
You kill the ball python!
Cast which spell? (? or * to list)
Aiming: Sandblast (safe; 4% risk of failure)
Press: ? - help, Shift-Dir - straight line, f - kobold
Aim: a kobold, wielding a +0 mace (77% to hit)
The blast of sand misses the kobold.
Cast which spell? (? or * to list)
Aiming: Sandblast (safe; 4% risk of failure)
Press: ? - help, Shift-Dir - straight line, f/p - kobold
Aim: a kobold, wielding a +0 mace (77% to hit)
The blast of sand hits the kobold.
You kill the kobold!
Your Fighting skill increases to level 1!
You now have 47 gold pieces (gained 5).
Things that are here:
a +0 mace; a +0 short sword Magic restored.
You see here a bat corpse.
A frilled lizard comes into view.
Cast which spell? (? or * to list)
Aiming: Sandblast (safe; 4% risk of failure)
Press: ? - help, Shift-Dir - straight line, f - frilled lizard
Aim: a frilled lizard (asleep, 100% to hit)
The blast of sand hits the frilled lizard.
You kill the frilled lizard!
You see here a frilled lizard corpse.
Magic restored.
Found a scroll labelled UGRUTU DUUNETZ.
j - a scroll labelled UGRUTU DUUNETZ Magic restored.
You see here a frilled lizard corpse.
You see here a bat corpse.
A ribbon worm comes into view.
A ribbon worm is nearby!
The ribbon worm expels a string of sticky webbing.
The stream of webbing hits you but does no damage.
You are caught in a web!
There is a web here.
The web tears apart.
Cast which spell? (? or * to list)
Aiming: Sandblast (safe; 4% risk of failure)
Press: ? - help, Shift-Dir - straight line, f - ribbon worm
Aim: a ribbon worm (catching its breath, 94% to hit)
The blast of sand hits the ribbon worm.
The ribbon worm is moderately wounded.
Cast which spell? (? or * to list)
Aiming: Sandblast (safe; 4% risk of failure)
Press: ? - help, Shift-Dir - straight line, f/p - ribbon worm
Aim: a ribbon worm (moderately wounded, catching its breath, 94% to hit)
The blast of sand hits the ribbon worm.
The ribbon worm is severely wounded.
Cast which spell? (? or * to list)
Aiming: Sandblast (safe; 4% risk of failure)
Press: ? - help, Shift-Dir - straight line, f/p - ribbon worm
Aim: a ribbon worm (heavily wounded, catching its breath, 94% to hit)
You miscast Sandblast.
You are very lightly contaminated with residual magic.
Nothing appears to happen.
Cast which spell? (? or * to list)
Aiming: Sandblast (safe; 4% risk of failure)
Press: ? - help, Shift-Dir - straight line, f/p - ribbon worm
Aim: a ribbon worm (heavily wounded, 94% to hit)
The blast of sand hits the ribbon worm.
The ribbon worm is almost dead.
The ribbon worm bites you!
Cast which spell? (? or * to list)
Aiming: Sandblast (safe; 4% risk of failure)
Press: ? - help, Shift-Dir - straight line, f/p - ribbon worm
Aim: a ribbon worm (severely wounded, 94% to hit)
The blast of sand hits the ribbon worm!
You kill the ribbon worm!
You see here a ribbon worm corpse.
Your magical contamination has completely faded away.
Magic restored.
HP restored.
HP restored.
Magic restored.
Found 8 stones.
c - 15 stones (gained 8)
Found 4 stones.
c - 19 stones (gained 4)
Found a dagger.
A goblin comes into view. It is wielding a +0 dagger.
Found 12 gold pieces and 2 lumpy golden potions.
Found a scroll labelled HUAHIU KYBAHE.
k - a scroll labelled HUAHIU KYBAHE
Found 15 gold pieces.
An adder comes into view.
Found a stone staircase leading up.
An endoplasm comes into view.
You see here 15 gold pieces.
Cast which spell? (? or * to list)
Aiming: Sandblast (safe; 4% risk of failure)
Press: ? - help, Shift-Dir - straight line, f - endoplasm
Aim: an endoplasm (asleep, 100% to hit)
The blast of sand hits the endoplasm.
The endoplasm is severely wounded.
The endoplasm quivers.
Cast which spell? (? or * to list)
Aiming: Sandblast (safe; 4% risk of failure)
Press: ? - help, Shift-Dir - straight line, f/p - endoplasm
Aim: an endoplasm (severely wounded, 98% to hit)
The blast of sand hits the endoplasm!
You kill the endoplasm!
Cast which spell? (? or * to list)
Aiming: Sandblast (safe; 4% risk of failure)
Press: ? - help, Shift-Dir - straight line, f - adder
Aim: an adder (asleep, 100% to hit)
The blast of sand hits the adder!
The adder is almost dead.
The adder hisses angrily.
Cast which spell? (? or * to list)
Aiming: Sandblast (safe; 4% risk of failure)
Press: ? - help, Shift-Dir - straight line, f/p - adder
Aim: an adder (severely wounded, 70% to hit)
The blast of sand hits the adder.
You kill the adder!
You now have 62 gold pieces (gained 15).
Cast which spell? (? or * to list)
Aiming: Sandblast (safe; 4% risk of failure)
Press: ? - help, Shift-Dir - straight line, f - goblin
Aim: a goblin, wielding a +0 dagger (asleep, 100% to hit)
The blast of sand hits the goblin!
You kill the goblin!
l - 2 lumpy golden potions
Things that are here:
a +0 dagger; a goblin corpse You now have 74 gold pieces (gained 12).
There is a stone staircase leading up here.
You climb upwards.
Magic restored.
Found a dagger and 2 lumpy clear potions.
There is a stone staircase leading down here.
m - 2 lumpy clear potions
There is a stone staircase leading down here.
You climb downwards.
There is a stone staircase leading up here.
Found Memeuche's Weapon Emporium.
There is an entrance to Memeuche's Weapon Emporium here.
Found a short sword.
A bat comes into view.
A bat is nearby!
A bat is nearby!
You see here a +0 short sword.
Cast which spell? (? or * to list)
Aiming: Sandblast (safe; 4% risk of failure)
Press: ? - help, Shift-Dir - straight line, f - bat
Aim: a bat (73% to hit)
The blast of sand misses the bat.
The bat hits you but does no damage. The bat closely misses you.
Cast which spell? (? or * to list)
Aiming: Sandblast (safe; 4% risk of failure)
Press: ? - help, Shift-Dir - straight line, f/p - bat
Aim: a bat (73% to hit)
The blast of sand hits the bat.
You kill the bat!
You see here a bat corpse.
Found an escape hatch in the floor.
Found a stone staircase leading down.
There is a stone staircase leading down here.
You climb downwards.
Magic restored.
There is a stone staircase leading up here.
An adder comes into view.
Found a scroll labelled NINA SO KOGG.
The adder hisses angrily.
An adder is nearby!
Cast which spell? (? or * to list)
Aiming: Sandblast (safe; 4% risk of failure)
Press: ? - help, Shift-Dir - straight line, f - adder
Aim: an adder (70% to hit)
The blast of sand hits the adder.
The adder is lightly wounded.
Cast which spell? (? or * to list)
Aiming: Sandblast (safe; 4% risk of failure)
Press: ? - help, Shift-Dir - straight line, f/p - adder
Aim: an adder (lightly wounded, 70% to hit)
The blast of sand hits the adder.
The adder is severely wounded.
The adder bites you. x2
Cast which spell? (? or * to list)
Aiming: Sandblast (safe; 4% risk of failure)
Press: ? - help, Shift-Dir - straight line, f/p - adder
Aim: an adder (severely wounded, 70% to hit)
The blast of sand hits the adder.
You kill the adder!
You have reached level 4!
You feel stronger.
You see here an adder corpse.
HP restored.
n - a scroll labelled NINA SO KOGG Magic restored.
HP restored.
Magic restored.
A goblin comes into view. It is wielding a +0 club.
A goblin is nearby!
Cast which spell? (? or * to list)
Aiming: Sandblast (safe; 4% risk of failure)
Press: ? - help, Shift-Dir - straight line, f - goblin
Aim: a goblin, wielding a +0 club (77% to hit)
The blast of sand hits the goblin!
You kill the goblin!
You see here a +0 club.
Magic restored.
Found a cloak.
You see here a +0 cloak.
You start putting on your armour.
You continue putting on your +0 cloak. x4
You finish putting on your +0 cloak.
A goblin comes into view. It is wielding a +0 club.
A goblin is nearby!
Cast which spell? (? or * to list)
You don't know that spell.
Sorry, you're not good enough to have a special ability.
Unknown command.
Cast which spell? (? or * to list)
Aiming: Sandblast (safe; 4% risk of failure)
Press: ? - help, Shift-Dir - straight line, f - goblin
Aim: a goblin, wielding a +0 club (asleep, 100% to hit)
The blast of sand hits the goblin.
You kill the goblin!
Magic restored.
Things that are here:
a +0 club; a goblin corpse
Found a scale mail.
Found a gluggy clear potion.
Found a scroll labelled UGRUTU DUUNETZ.
You see here a +0 scale mail.
p - a +0 scale mail
Found 7 gold pieces.
e - 2 gluggy clear potions (gained 1)
Found a book of the Tundra.
An adder comes into view.
You see here a scroll labelled UGRUTU DUUNETZ.
j - 2 scrolls labelled UGRUTU DUUNETZ (gained 1)
The adder hisses angrily.
Cast which spell? (? or * to list)
Aiming: Sandblast (safe; 4% risk of failure)
Press: ? - help, Shift-Dir - straight line, f - adder
Aim: an adder (70% to hit)
The blast of sand hits the adder!
The adder is almost dead.
Cast which spell? (? or * to list)
Aiming: Sandblast (safe; 4% risk of failure)
Press: ? - help, Shift-Dir - straight line, f/p - adder
Aim: an adder (almost dead, 70% to hit)
The blast of sand misses the adder.
The adder bites you but does no damage.
Cast which spell? (? or * to list)
Aiming: Sandblast (safe; 4% risk of failure)
Press: ? - help, Shift-Dir - straight line, f/p - adder
Aim: an adder (almost dead, 70% to hit)
The blast of sand hits the adder.
You kill the adder!
You see here an adder corpse.
You now have 81 gold pieces (gained 7).
You pick up a book of the Tundra and begin reading...
You add the spells Hailstorm, Summon Ice Beast and Sculpt Simulacrum to your library.
As you open the door, it creaks loudly!
Found Ehohed's Magic Scroll Emporium.
There is an open door here.
There is an entrance to Ehohed's Magic Scroll Emporium here.
You can access your shopping list by pressing '$'.
You open the door.
An endoplasm and a bombardier beetle come into view.
There is an open door here.
Cast which spell? (? or * to list)
Aiming: Sandblast (safe; 4% risk of failure)
Press: ? - help, Shift-Dir - straight line, f - bombardier beetle
Aim: a bombardier beetle (89% to hit)
The blast of sand hits the bombardier beetle.
The bombardier beetle is lightly wounded.
Cast which spell? (? or * to list)
Aiming: Sandblast (safe; 4% risk of failure)
Press: ? - help, Shift-Dir - straight line, f/p - bombardier beetle
Aim: a bombardier beetle (lightly wounded, 89% to hit)
The blast of sand misses the bombardier beetle.
The bombardier beetle sprays incendiary fluid at you.
The burning spray hits you.
You are covered in liquid fire!
You shake off some of the fire as you move.
The liquid fire burns you!
There is an open door here.
You shake off the liquid fire.
The bombardier beetle sprays incendiary fluid at you.
The burning spray hits you.
You are covered in liquid fire!
You shake off some of the fire as you move.
The liquid fire burns you!
You shake off some of the fire as you move.
The liquid fire burns you!
You shake off the liquid fire.
Cast which spell? (? or * to list)
Aiming: Sandblast (safe; 4% risk of failure)
Press: ? - help, Shift-Dir - straight line, f - endoplasm
Aim: an endoplasm (98% to hit)
The blast of sand hits the endoplasm.
The endoplasm is lightly wounded.
The endoplasm hits you but does no damage.
Cast which spell? (? or * to list)
Aiming: Sandblast (safe; 4% risk of failure)
Press: ? - help, Shift-Dir - straight line, f/p - endoplasm
Aim: an endoplasm (lightly wounded, 98% to hit)
The blast of sand hits the endoplasm!
You kill the endoplasm!
Cast which spell? (? or * to list)
Okay, then.
Cast which spell? (? or * to list)
Aiming: Sandblast (safe; 4% risk of failure)
Press: ? - help, Shift-Dir - straight line, f - bombardier beetle
Aim: a bombardier beetle (lightly wounded, 89% to hit)
The blast of sand hits the bombardier beetle.
The bombardier beetle is lightly wounded.
Cast which spell? (? or * to list)
Aiming: Sandblast (safe; 4% risk of failure)
Press: ? - help, Shift-Dir - straight line, f/p - bombardier beetle
Aim: a bombardier beetle (lightly wounded, 89% to hit)
The blast of sand hits the bombardier beetle but does no damage.
The bombardier beetle is lightly wounded.
The bombardier beetle sprays incendiary fluid at you.
The burning spray misses you.
Cast which spell? (? or * to list)
Aiming: Sandblast (safe; 4% risk of failure)
Press: ? - help, Shift-Dir - straight line, f/p - bombardier beetle
Aim: a bombardier beetle (lightly wounded, 89% to hit)
The blast of sand hits the bombardier beetle.
The bombardier beetle is heavily wounded.
Cast which spell? (? or * to list)
Aiming: Sandblast (safe; 4% risk of failure)
Press: ? - help, Shift-Dir - straight line, f/p - bombardier beetle
Aim: a bombardier beetle (heavily wounded, 89% to hit)
The blast of sand hits the bombardier beetle!
You kill the bombardier beetle!
You see here a bombardier beetle corpse.
You see here a bombardier beetle corpse.
A bombardier beetle comes into view.
A bombardier beetle is nearby!
HP restored.
Found 12 gold pieces.
You now have 93 gold pieces (gained 12).
Found a stone staircase leading down.
Magic restored.
A goblin comes into view. It is wielding a +0 dagger.
There is a stone staircase leading down here.
A goblin is nearby!
You open the door.
There is an open door here.
A goblin is nearby!
The goblin shouts!
There is a stone staircase leading down here.
You climb downwards.
Found 2 sedimented emerald potions.
There is a stone staircase leading up here.
Cast which spell? (? or * to list)
Aiming: Sandblast (safe; 3% risk of failure)
Press: ? - help, Shift-Dir - straight line, f - hobgoblin
Aim: a hobgoblin (asleep, 100% to hit)
The blast of sand hits the hobgoblin.
You kill the hobgoblin!
q - 2 sedimented emerald potions
Found a whip.
As you open the door, it creaks loudly!
Found a sapphire potion.
There is an open door here.
r - a sapphire potion You enter the shallow water.
Moving in this stuff is going to be slow.
You enter the shallow water.
Moving in this stuff is going to be slow.
An iguana comes into view.
The iguana hisses angrily.
Cast which spell? (? or * to list)
Aiming: Sandblast (safe; 3% risk of failure)
Press: ? - help, Shift-Dir - straight line, f - iguana
Aim: an iguana (water, 84% to hit)
The blast of sand hits the iguana but does no damage.
Cast which spell? (? or * to list)
Aiming: Sandblast (safe; 3% risk of failure)
Press: ? - help, Shift-Dir - straight line, f/p - iguana
Aim: an iguana (water, 84% to hit)
The blast of sand hits the iguana but does no damage.
The iguana bites you!
Cast which spell? (? or * to list)
Aiming: Sandblast (safe; 3% risk of failure)
Press: ? - help, Shift-Dir - straight line, f/p - iguana
Aim: an iguana (water, 84% to hit)
The blast of sand hits the iguana but does no damage.
The iguana barely misses you.
Cast which spell? (? or * to list)
Aiming: Sandblast (safe; 3% risk of failure)
Press: ? - help, Shift-Dir - straight line, f/p - iguana
Aim: an iguana (water, 84% to hit)
The blast of sand hits the iguana.
The iguana is lightly wounded.
The iguana completely misses you. The iguana closely misses you.
Cast which spell? (? or * to list)
Aiming: Sandblast (safe; 3% risk of failure)
Press: ? - help, Shift-Dir - straight line, f/p - iguana
Aim: an iguana (water, lightly wounded, 84% to hit)
The blast of sand hits the iguana but does no damage.
The iguana is lightly wounded.
The iguana bites you.
Cast which spell? (? or * to list)
Aiming: Sandblast (safe; 3% risk of failure)
Press: ? - help, Shift-Dir - straight line, f/p - iguana
Aim: an iguana (water, lightly wounded, 84% to hit)
The blast of sand hits the iguana but does no damage.
The iguana is lightly wounded.
The iguana bites you but does no damage.
The iguana bites you!
* * * LOW HITPOINT WARNING * * *
Cast which spell? (? or * to list)
Aiming: Sandblast (safe; 3% risk of failure)
Press: ? - help, Shift-Dir - straight line, f/p - iguana
Aim: an iguana (water, lightly wounded, 84% to hit)
The blast of sand hits the iguana.
The iguana is moderately wounded.
The iguana closely misses you.
Cast which spell? (? or * to list)
Aiming: Sandblast (safe; 3% risk of failure)
Press: ? - help, Shift-Dir - straight line, f/p - iguana
Aim: an iguana (water, moderately wounded, 84% to hit)
The blast of sand hits the iguana.
The iguana is severely wounded.
The iguana bites you.
* * * LOW HITPOINT WARNING * * *
The iguana bites you!
* * * LOW HITPOINT WARNING * * *
It was a potion of curing.
You feel better.
The iguana bites you but does no damage.
Cast which spell? (? or * to list)
Aiming: Sandblast (safe; 3% risk of failure)
Press: ? - help, Shift-Dir - straight line, f/p - iguana
Aim: an iguana (water, severely wounded, 84% to hit)
The blast of sand hits the iguana but does no damage.
The iguana is severely wounded.
The iguana closely misses you.
Hit: f) +1 whip (flame)
Press: ? - help, Dir - move target, f/p - iguana
Aim: an iguana (water, severely wounded, about 39% to evade your +1 whip of flaming)
You hit the iguana but do no damage.
The iguana is severely wounded.
The iguana closely misses you.
Hit: f) +1 whip (flame)
Press: ? - help, Dir - move target, f/p - iguana
Aim: an iguana (water, severely wounded, about 39% to evade your +1 whip of flaming)
You hit the iguana. You burn the iguana.
The iguana is severely wounded.
The iguana bites you!
You die...

.. #.........<.....
..#...)#...............
~.~.~..~..~............
≈≈≈~≈≈≈≈≈~'#########+#
♣≈.≈♣♣♣≈.............
♣≈.≈ ♣≈.............
≈♣♣♣≈~≈♣♣♣≈~............
≈≈≈≈≈.≈≈≈≈≈.............
~..~~~~@~~.~............
≈≈≈≈≈~≈l≈≈≈~..##########
≈♣♣♣≈~≈♣♣♣≈~..# ♣≈~≈
♣≈~..# ♣≈~≈ ♣≈...# ≈≈≈.≈
≈≈≈~..# ...~~....~...#
≈≈≈≈.≈≈≈≈≈...# ≈♣♣♣≈...#


You could see an iguana.

Vanquished Creatures
  A bombardier beetle (D:3)
  4 adders
  A ribbon worm (D:2)
  2 ball pythons
  2 endoplasms
  2 giant cockroaches
  6 goblins
  2 hobgoblins
  3 jackals (D:2)
  A kobold (D:2)
  2 bats (D:2)
  4 frilled lizards
  A rat (D:2)
31 creatures vanquished.

Notes
Turn   | Place    | Note
-------+----------+-------------------------------------------
     0 | D:1      | jagoly the Human Earth Elementalist began the quest for the
                  | Orb.
     0 | D:1      | Reached XP level 1. HP: 13/13 MP: 3/3
   219 | D:2      | Reached XP level 2. HP: 14/20 MP: 5/5
   273 | D:2      | Reached XP level 3. HP: 20/25 MP: 6/6
   364 | D:2      | Reached skill level 1 in Fighting
   539 | D:2      | Noticed a +0 triple crossbow
   542 | D:2      | Found Memeuche's Weapon Emporium.
   542 | D:2      | Noticed a +0 demon whip
   589 | D:3      | Reached XP level 4. HP: 26/32 MP: 4/7
   765 | D:3      | Found Ehohed's Magic Scroll Emporium.
   885 | D:4      | HP: 1/32 [iguana (11)]
   889 | D:4      | Slain by an iguana

Illustrated notes

Levels and vault maps discovered:
D:1:      dpeg_cavernosity, layout_basic,
          hellmonk_ecumenical_altar_pennies_from_heaven
D:2:      layout_loops_ring, serial_shops, nicolae_shop_mannequins
D:3:      layout_basic, serial_shops, shop, nicolae_square_shop, shop, shop,
          nicolae_shop_trees, uniq_jessica
D:4:      layout_gridville, kennysheep_boxes

Skill      XL: |  1  2  3 |
---------------+----------+-----
Fighting       | 1 |  1.5
Dodging        | |  2.6
Stealth        | |  2.7
Spellcasting   | |  2.0
Conjurations   | |  1.9
Earth Magic    | |  3.9

Action                     |  1- 3 |  4- 6 || total
---------------------------+-------+-------++-------
  Melee: Unarmed           |    13 |       ||    13
         Dagger            |    12 |       ||    12
         Punch             |     1 |       ||     1
         Whip              |     7 |     2 ||     9
   Cast: Sandblast         |    31 |    23 ||    54
    Use: Potion            |       |     1 ||     1
 Armour: Robe              |    22 |    10 ||    32
  Dodge: Dodged            |    25 |     7 ||    32
